Map: Blackpink LE

Players

SamuraiFunn - Winner!

  • Race: Protoss Protoss
  • Spawn Location: 7:00

A.I. 1 (Very Hard)

  • Race: Zerg Zerg
  • Spawn Location: 1:00

VOD

Have the link to the VOD?

Description

Time

  • Played on: Nov. 23, 2017, 3:30 p.m.
  • Length: 14:57
Show
View Real Time Build Order
Export as new Build Order

SamuraiFunn Protoss - Winner!

Build Orders:  

Get SALT Encoding   

  12  0:01  Probe  
  13  0:13  Probe  
  14  0:20  Pylon  
  14  0:27  Probe  
  15  0:39  Probe  
  16  0:48  Gateway  
  16  0:51  Probe  
  17  1:03  Probe  
  18  1:07  Assimilator  
  18  1:15  Probe  
  19  1:27  Probe  
  19  1:30  Assimilator  
  20  1:33  Gateway  
  20  1:37  Zealot  
  20  1:39  Probe  
  23  1:43  Pylon  
  23  1:52  Cybernetics Core  
  23  2:00  Pylon  
  23  2:01  Probe  
  24  2:09  Zealot  
  24  2:14  Pylon  
  26  2:18  Probe  
  27  2:29  Twilight Council  
  27  2:30  Probe  
  28  2:56  Nexus  
  28  3:01  Probe  
  29  3:08  Zealot x2  
  29  3:09  Charge (Chrono Boost)  
  29  3:11  Warp Gate (Chrono Boost)  
  33  3:35  Zealot x2  
  33  3:40  Gateway  
  37  3:42  Probe  
  38  3:54  Probe  
  39  4:06  Zealot x2  
  39  4:08  Gateway  
  43  4:41  Dark Shrine  
  43  5:19  Zealot  
  43  5:20  Zealot x3  
  51  5:28  Pylon  
  49  5:37  Pylon  
  49  5:48  Zealot x2  
  53  5:50  Zealot x2  
  53  5:52  Probe  
  53  5:53  Probe  
  59  6:02  Gateway  
  59  6:10  Gateway x2  
  59  6:15  Zealot  
  59  6:16  Zealot x3  
  67  6:30  Pylon  
  67  6:31  Probe x2  
  69  6:38  Zealot  
  69  6:39  Zealot, Assimilator  
  73  6:40  Zealot  
  73  6:41  Assimilator  
  73  6:43  Pylon  
  73  6:46  Pylon  
  75  6:48  Pylon  
  75  7:04  Probe x2  
  77  7:16  Probe x2  
  77  7:20  Pylon  
  49  7:37  Nexus  
  35  8:03  Dark Templar x3  
  35  8:04  Dark Templar  
  43  8:12  Dark Templar  
  44  8:28  Gateway  
  44  8:30  Gateway  
  44  8:36  Shadow Stride (Chrono Boost)  
  44  8:37  Gateway  
  44  8:38  Gateway  
  44  8:45  Pylon  
  44  8:46  Dark Templar  
  44  8:47  Pylon, Dark Templar  
  44  8:48  Dark Templar  
  50  8:49  Dark Templar  
  52  9:11  Gateway  
  52  9:13  Probe x2  
  52  9:15  Probe  
  55  9:25  Probe  
  55  9:28  Probe x2  
  58  9:31  Dark Templar x3  
  64  9:39  Dark Templar  
  64  9:40  Pylon  
  64  9:44  Pylon  
  66  9:46  Assimilator  
  66  9:51  Assimilator  
  66  10:16  Probe  
  66  10:17  Probe x2  
  69  10:27  Dark Templar x3  
  75  10:33  Zealot x2  
  75  10:34  Zealot x2  
  81  11:08  Dark Templar x2  
  81  11:09  Zealot  
  81  11:10  Zealot x3  
  81  11:11  Zealot  
  87  11:53  Zealot  
  87  11:54  Zealot x4  
  93  12:11  Pylon  
  91  12:26  Pylon  
  91  12:37  Zealot  
  91  12:38  Zealot x5  
  91  12:39  Zealot  
  105  13:03  Dark Templar x2  
  105  13:04  Dark Templar x3  
  115  13:07  Zealot x2  
  119  13:19  Pylon  
  119  13:51  Stargate  
  119  13:52  Stargate  
Show
View Real Time Build Order
Export as new Build Order

A.I. 1 (Very Hard) Zerg 

Build Orders: Hatch First 

Get SALT Encoding   

  12  0:00  Drone  
  13  0:12  Overlord  
  13  0:17  Drone  
  14  0:30  Drone x2  
  14  0:34  Drone  
  17  0:54  Hatchery  
  17  0:56  Drone  
  17  1:12  Spawning Pool  
  17  1:14  Extractor  
  17  1:15  Drone  
  16  1:20  Drone  
  16  1:24  Drone  
  18  1:27  Drone  
  19  1:38  Overlord  
  19  1:49  Drone  
  20  1:59  Zergling x2  
  20  2:00  Queen  
  23  2:06  Drone, Extractor  
  23  2:19  Queen  
  25  2:23  Drone  
  25  2:26  Drone  
  27  2:30  Drone  
  27  2:33  Drone  
  29  2:46  Roach Warren  
  29  2:48  Drone  
  29  2:51  Drone  
  29  2:55  Zergling x2  
  29  2:58  Zergling x2  
  32  3:04  Overlord  
  32  3:07  Drone  
  32  3:09  Drone  
  34  3:26  Roach  
  34  3:27  Roach  
  38  3:28  Roach  
  38  3:29  Roach  
  38  3:34  Lair  
  42  3:38  Overlord  
  42  3:43  Overlord  
  42  3:46  Zergling x2  
  43  3:49  Zergling x2  
  44  3:56  Zergling x2, Drone x2  
  44  3:59  Drone  
  44  4:01  Drone  
  49  4:04  Drone  
  49  4:08  Overlord  
  50  4:12  Roach  
  50  4:16  Roach  
  54  4:19  Roach  
  54  4:23  Roach  
  58  4:26  Overlord  
  58  4:33  Drone  
  58  4:35  Drone  
  58  4:36  Hydralisk Den, Drone  
  60  4:40  Roach  
  60  4:43  Roach  
  64  4:47  Overlord  
  64  4:49  Zergling x2  
  64  5:03  Drone  
  64  5:05  Drone  
  64  5:06  Drone  
  67  5:07  Hydralisk x3  
  67  5:09  Hydralisk  
  67  5:14  Overlord  
  75  5:15  Drone  
  75  5:18  Drone  
  75  5:20  Drone  
  75  5:21  Drone  
  79  5:23  Drone  
  79  5:25  Drone  
  79  5:27  Drone  
  81  5:32  Drone  
  81  5:33  Drone  
  81  5:34  Overlord  
  83  5:36  Drone  
  83  5:41  Infestation Pit  
  83  5:44  Drone  
  83  5:45  Ravager  
  83  5:46  Ravager  
  83  5:48  Hydralisk  
  88  5:51  Hydralisk  
  88  5:55  Overlord  
  90  5:57  Hydralisk  
  90  6:01  Hydralisk  
  94  6:06  Roach  
  96  6:11  Extractor  
  96  6:14  Overlord, Extractor  
  96  6:15  Drone  
  96  6:16  Evolution Chamber  
  96  6:18  Drone, Infestor  
  97  6:32  Evolution Chamber  
  96  6:33  Drone  
  96  6:34  Drone x2, Infestor  
  96  6:35  Spine Crawler  
  96  6:36  Drone x3, Overlord  
  96  6:37  Drone  
  104  6:49  Infestor  
  106  6:58  Drone, Spine Crawler  
  106  7:03  Infestor  
  108  7:17  Zerg Missile Weapons Level 1  
  108  7:26  Roach x3, Overlord  
  108  7:27  Roach  
  108  7:29  Zergling x2, Roach, Hatchery  
  114  7:31  Zergling x2  
  114  7:32  Overseer, Roach  
  114  7:35  Roach  
  114  7:37  Spore Crawler  
  114  7:40  Spore Crawler  
  114  7:41  Drone  
  108  7:55  Zerg Ground Armor Level 1  
  108  7:59  Hydralisk  
  108  8:04  Hydralisk  
  112  8:11  Spine Crawler  
  111  8:14  Lurker Den  
  110  8:30  Ravager  
  111  8:35  Queen  
  111  8:40  Queen  
  115  8:42  Drone x4  
  115  8:43  Drone x4, Overlord  
  115  8:44  Drone x4  
  115  8:45  Drone x4  
  131  8:52  Drone  
  131  8:53  Extractor  
  131  8:55  Drone  
  132  8:56  Drone x2, Extractor  
  132  9:01  Drone, Overlord  
  132  9:02  Drone  
  135  9:12  Hive  
  135  9:14  Zerg Missile Weapons Level 2  
  135  9:15  Drone  
  136  9:18  Drone  
  136  9:19  Drone x2  
  136  9:20  Overlord  
  139  9:27  Pathogen Glands  
  139  9:29  Spine Crawler  
  139  9:30  Drone  
  139  9:39  Overlord  
  139  9:42  Hydralisk, Lurker  
  143  9:45  Lurker  
  143  9:47  Hatchery  
  143  9:48  Hydralisk  
  144  10:01  Drone, Spine Crawler  
  144  10:02  Spore Crawler  
  144  10:03  Drone  
  144  10:07  Hydralisk  
  144  10:09  Drone  
  144  10:10  Drone x4, Roach  
  144  10:11  Drone x3, Roach  
  144  10:13  Queen, Drone x5, Roach  
  144  10:14  Drone  
  143  10:15  Roach  
  130  10:21  Drone  
  130  10:23  Neural Parasite  
  130  10:24  Zergling x2  
  130  10:25  Drone, Roach x3  
  111  10:33  Zergling x2, Ravager  
  111  10:35  Hydralisk x2  
  87  10:40  Hydralisk, Drone, Roach  
  87  10:42  Drone  
  86  10:44  Drone  
  86  10:46  Drone  
  86  10:48  Drone  
  65  10:57  Zergling x2  
  65  11:00  Roach  
  66  11:10  Zergling x2, Roach  
  62  11:13  Roach  
  62  11:15  Roach  
  62  11:18  Zergling x2  
  60  11:20  Hydralisk  
  60  11:24  Hydralisk  
  58  11:27  Hatchery  
  58  11:28  Hydralisk  
  58  11:32  Hydralisk  
  57  11:35  Drone  
  57  11:38  Zergling x2  
  42  11:42  Roach  
  28  12:03  Zergling x2  
  23  12:13  Drone  
  23  12:14  Drone  
  13  12:16  Hatchery  
  13  12:17  Drone  
  10  12:25  Drone  
  7  13:25  Hatchery  
  6  13:55  Drone  
  5  13:57  Drone  
Tags
 
Matchup
PvZ
Replay Pack
First 100 games
Spawn Locations
Cross Positions
Add a new tag
Caveats
  • Supply blocks, unpowered buildings, or Contaminate may cause inaccurate times.
  • Supply counts are checked every 10 seconds.